 Dungeon Sprint DCSS version 0.23-a0-650-ga4d50d4 (webtiles) character file.

14438 Leeroy the Fencer (level 12, -4/103 HPs)
             Began as a Barachi Skald on Jan 2, 2019.
             Was the Champion of Qazlal.
             Slain by a vault guard
             ... wielding a +0 long sword
              (12 damage)
             ... in the Dungeon (Sprint V: "Ziggurat Sprint").
             The game lasted 00:30:20 (1450 turns).

Leeroy the Fencer (Barachi Skald)                   Turns: 1450, Time: 00:30:21

Health: -4/103     AC: 18    Str: 13    XL:     12   Next: 16%
Magic:  4/18       EV: 15    Int: 25    God:    Qazlal [******]
Gold:   0          SH:  8    Dex: 16    Spells: 4/20 levels left

rFire    + + .     SeeInvis .   N - +9 sword of Zonguldrok {reap}
rCold    x . .     Gourm    .   (no shield)
rNeg     . . .     Faith    .   R - +5 fire dragon scales
rPois    .         Spirit   .   (no helmet)
rElec    .         Reflect  .   (no cloak)
rCorr    .         Harm     .   (no gloves)
MR       .....     NoTele   +   (no boots)
Stlth    +.........             (no amulet)
HPRegen  0.27/turn              U - ring of wizardry
MPRegen  0.16/turn              C - +6 ring of intelligence

@: agile, protected from physical damage, very slightly contaminated, repel
missiles, slow
A: +LOS, swims, slowness 1, strong legs 1
a: Hop, Upheaval, Elemental Force, Disaster Area, Renounce Religion


You were in the Dungeon.
You worshipped Qazlal.
Qazlal was exalted by your worship.
You were very hungry.

You visited 1 branch

Inventory:

Hand Weapons
 a - the +2 Maxwell's thermic engine {flame, freeze}
   (You took it off a yaktaur in the Dungeon)

   It has been specially enchanted to burn those struck by it, causing extra
   injury to most foes and up to half again as much damage against particularly
   susceptible opponents.
   Big, fiery blades are also staple armaments of hydra-hunters.
 m - the +8 demon blade "Leech" {vamp, rN+ AC-3 EV-3}
   (You took it off a yaktaur in the Dungeon)

   It inflicts no extra harm, but heals its wielder when it wounds a living foe.
   It affects your AC (-3).
   It affects your evasion (-3).
   It protects you from negative energy.
 K - the +7 Singing Sword {slice, sonic wave}
   (You found it in the Dungeon)

   It inflicts extra damage upon your enemies.
 L - the +7 great mace "Firestarter" {inner flame, rF++}
   (You found it in the Dungeon)

   It has been specially enchanted to burn those struck by it, causing extra
   injury to most foes and up to half again as much damage against particularly
   susceptible opponents.
   It greatly protects you from fire.
 M - the +11 plutonium sword {*Contam Stlth-}
   (You found it in the Dungeon)

   It causes magical contamination when unequipped.
   It makes you less stealthy.
 N - the +9 sword of Zonguldrok (weapon) {reap}
   (You found it in the Dungeon)

   If a monster killed with it leaves a corpse in good enough shape, the corpse
   will be animated as a zombie friendly to the killer.
 P - a +5 triple sword of draining
Missiles
 b - 4 throwing nets (quivered)
Armour
 I - the +15 Maxwell's patent armour {-Cast -Tele rElec MR+ rCorr}
   (You found it in the Dungeon)

   It insulates you from electricity.
   It affects your resistance to hostile enchantments.
   It prevents spellcasting.
   It prevents most forms of teleportation.
   It provides partial protection from all sources of acid and corrosion.
 J - the +18 shield of the Gong {rElec rN+ MR+ EV-5}
   (You found it in the Dungeon)

   It affects your evasion (-5).
   It insulates you from electricity.
   It protects you from negative energy.
   It affects your resistance to hostile enchantments.
 R - +5 fire dragon scales (worn)
 S - +5 ice dragon scales
 Z - the +10 plate armour of the Ecumenical Temple {Dex+2}
   (You found it in the Dungeon)

   It affects your dexterity (+2).
Magical Staves
 y - an uncursed staff of energy
 W - an uncursed staff of conjuration
Jewellery
 A - a +6 ring of dexterity
 B - a +6 ring of dexterity
 C - a +6 ring of intelligence (right hand)
 D - a +6 ring of intelligence
 E - an uncursed ring of fire
 F - a +6 ring of strength
 G - an uncursed ring of flight
 O - an uncursed ring of magical power
 Q - the ring of Jimoifug {Fire Dex+4}
   (You found it in the Dungeon)

   [ring of fire]

   It enhances your fire magic.
   It affects your dexterity (+4).
   It protects you from fire.
   It makes you vulnerable to cold.
 U - a ring of wizardry (left hand)
Wands
 v - a wand of disintegration (7)
 w - a wand of iceblast (7)
 x - a wand of acid (7)
Scrolls
 j - 2 scrolls of blinking
 p - 4 scrolls of amnesia
 q - 5 scrolls of fog
 r - a scroll of holy word
 s - 5 scrolls of identify
 t - 5 scrolls of remove curse
 u - a scroll of fear
Potions
 c - 2 potions of brilliance
 e - 10 potions of curing
 g - 9 potions of haste
 h - 6 potions of magic
 i - 3 potions of berserk rage
 k - 2 potions of invisibility
 l - 4 potions of resistance
 n - 3 potions of agility
 o - 4 potions of might
Miscellaneous
 z - a crystal ball of energy
 H - a lightning rod (3/4)
 T - 2 phantom mirrors
 V - a lightning rod (3/4)
 X - a lamp of fire
 Y - a crystal ball of energy
Comestibles
 d - 7 rations


   Skills:
 - Level 12.4 Fighting
 - Level 19.6 Long Blades
 - Level 6.9 Armour
 - Level 3.9 Dodging
 - Level 4.5 Spellcasting
 - Level 8.6 Conjurations
 - Level 6.0 Hexes
 - Level 7.6 Charms
 - Level 8.3 Fire Magic
 - Level 6.1 Ice Magic
 + Level 9.3 Earth Magic
 - Level 5.3 Invocations


You had 4 spell levels left.
You knew the following spells:

 Your Spells              Type           Power        Failure   Level  Hunger
a - Infusion              Chrm           ####         1%          1    None
b - Spectral Weapon       Hex/Chrm       #####...     3%          3    ##.....
c - Fireball              Conj/Fire      #####.....   16%         5    #####..
d - Ensorcelled Hibernat  Hex/Ice        #####.       2%          2    None
e - Lee's Rapid Deconstr  Erth           ######....   11%         5    #####..

Your spell library contained the following spells:

 Spells                   Type           Power        Failure   Level  Hunger
 Flame Tongue             Conj/Fire      #####        1%          1    None
 Sandblast                Erth           ######       1%          1    None
 Song of Slaying          Chrm           #####...     1%          2    None
 Stone Arrow              Conj/Erth      ######       1%          3    ##.....
 Passwall                 Tmut/Erth      ####....     4%          2    None
 Shroud of Golubria       Chrm/Tloc      ###.......   6%          2    None
 Leda's Liquefaction      Hex/Erth       #####.....   8%          4    ####...
 Static Discharge         Conj/Air       ####....     9%          3    ##.....
 Regeneration             Chrm/Necr      ###.......   12%         3    ##.....
 Portal Projectile        Hex/Tloc       ###...       16%         3    ##.....
 Cause Fear               Hex            #####.....   16%         4    ####...
 Corpse Rot               Necr           N/A          26%         2    None
 Sublimation of Blood     Necr           #.........   26%         2    None
 Petrify                  Tmut/Erth      ####....     26%         4    ####...
 Ice Form                 Ice/Tmut       ###.....     43%         4    ####...
 Recall                   Summ/Tloc      N/A          45%         3    ##.....
 Bolt of Magma            Conj/Fire/Erth #####.....   14%         5    #####..
 Metabolic Englaciation   Hex/Ice        #####.....   36%         5    #####..
 Iron Shot                Conj/Erth      ######....   54%         6    #######
 Bolt of Draining         Conj/Necr      ####......   61%         5    #####..
 Irradiate                Conj/Tmut      ####......   61%         5    #####..
 Lightning Bolt           Conj/Air       ####......   61%         5    #####..
 Bolt of Fire             Conj/Fire      #####.....   61%         6    #######
 Excruciating Wounds      Chrm/Necr      ###.......   67%         5    #####..
 Bolt of Cold             Conj/Ice       #####.....   75%         6    #######
 Summon Mana Viper        Hex/Summ       ###.....     77%         5    #####..
 Ozocubu's Refrigeration  Ice            #####.....   89%         6    #######
 Freezing Cloud           Conj/Ice/Air   ####......   97%         6    #######
 Statue Form              Tmut/Erth      ####.....    98%         6    #######
 Agony                    Necr           #.......     99%         5    #####..
 Aura of Abjuration       Summ           #.........   99%         5    #####..
 Blade Hands              Tmut           #.........   99%         5    #####..
 Dispel Undead            Necr           #.......     99%         5    #####..
 Summon Demon             Summ           #.........   99%         5    #####..
 Summon Forest            Summ/Tloc      #.........   99%         5    #####..
 Simulacrum               Ice/Necr       ###.......   99%         6    #######
 Shadow Creatures         Summ           N/A          100%        6    #######
 Dragon Form              Tmut           #.........   100%        7    #######
 Ignition                 Fire           #####.....   100%        8    #######
 Dragon's Call            Summ           #.........   100%        9    #######
 Shatter                  Erth           ######....   100%        9    #######
 Tornado                  Air            #.........   100%        9    #######


Dungeon Overview and Level Annotations

Branches:
Dungeon (1/1)

Altars:
Ashenzari
Cheibriados
Dithmenos
Elyvilon
Fedhas
Gozag
Hepliaklqana
Kikubaaqudgha
Makhleb
Nemelex Xobeh
Okawaru
Qazlal
Ru
Sif Muna
Trog
Uskayaw
Vehumet
Wu Jian
Xom
Yredelemnul
Zin
The Shining One
Beogh
Jiyva
Lugonu

Annotations:
D 1 transporter


Innate Abilities, Weirdness & Mutations

Shadows flee at your approach. (+LOS)
You can swim through water.
You cover ground slowly.
You can hop short distances.


Message History

* * * LOW HITPOINT WARNING * * *
The yaktaur unwields a +0 arbalest.
The yaktaur completely misses something.
The vault guard hits you with a +0 broad axe!
* * * LOW HITPOINT WARNING * * *
The vault guard blocks your air elemental's attack.
Your air elemental hits the vault guard but does no damage.
Unknown command.
Unknown command.
Unknown command.
Unknown command.
Unknown command.
Really attack near your air elementals?
Okay, then.
Wield which item (- for none, * to show all)? (? for menu, Esc to quit)
The Singing Sword sighs.
You sense an extremely unholy aura.
N - the +9 sword of Zonguldrok (weapon)
{reap} The vault guard hits you with a +0 long sword!
You die...

▓...)}....▓..).}
▓.......(.▓.....
▓......)).▓.....
▓....)))).▓.....
▓....))...▓...))
▓.........▓.▓...
▓....©....▓...©.
▓▓▓▓▓▓▓▓▓▓▓▓▓▓▓▓▓▓
▓@pc8©8...▓...8©8.
▓ppp§[))..▓.)..).)
▓E§E§).}..▓....|..
▓§§p§(....▓.......
▓...§§p...▓.....(.
▓....pc...▓..).(..
▓....))..§▓.|))...
▓......(..▓.▓())..
▓.▓....(▓.▓.(.)©..


You could see 4 vault guards, a yaktaur (fleeing) and 2 friendly air elementals.

Vanquished Creatures
  A stone giant (D)
  A yaktaur captain (D)
  2 vault guards (D)
  A centaur warrior (D)
  A sixfirhy (D)
  A cyclops (D)
  3 efreet (D)
  4 yaktaurs (D)
  8 merfolk (D)
  3 spriggans (D)
  Sigmund (D)
  A fire elemental (D)
  2 nagas (D)
  A water moccasin (D)
  3 black bears (D)
  A wolf (D)
  A centaur (D)
  2 bullfrogs (D)
  3 crimson imps (D)
  2 quasits (D)
  Jessica (D)
  An iguana (D)
  An adder (D)
  A river rat (D)
  2 shadow imps (D)
  2 ufetubi (D)
  A bat zombie (D)
  A ball python (D)
  A giant cockroach zombie (D)
  A quokka zombie (D)
  2 fire vortices (D)
56 creatures vanquished.

Vanquished Creatures (collateral kills)
  A cyclops (D)
  A centaur (D)
2 creatures vanquished.

Vanquished Creatures (others)
  2 spatial maelstroms (D)
  A spectral weapon (D)
3 creatures vanquished.

Grand Total: 61 creatures vanquished

Notes
Turn   | Place    | Note
-------+----------+-------------------------------------------
     0 | D        | Found the +6 Majin-Bo {vamp, Archmagi MP+6 Int+6}
     0 | D        | Found the +7 great mace "Firestarter" {inner flame, rF++}
     0 | D        | Leeroy the Barachi Skald began the quest for the Orb.
     0 | D        | Reached XP level 1. HP: 17/17 MP: 3/3
     0 | D        | Found a transporter.
     0 | D        | Found an ancient bone altar of Kikubaaqudgha.
     0 | D        | Found a viscous altar of Jiyva.
     0 | D        | Found a corrupted altar of Lugonu.
     0 | D        | Found a hazy altar of Hepliaklqana.
     0 | D        | Found a burning altar of Makhleb.
     0 | D        | Found an opulent altar of Gozag.
     6 | D        | Banished a spatial maelstrom
    16 | D        | Banished a spatial maelstrom
    20 | D        | Found the +9 heavy crossbow "Sniper" {velocity, Acc+∞ SInv}
    20 | D        | Found the +10 dark maul {crush}
    20 | D        | Found the +15 Maxwell's patent armour {-Cast -Tele rElec
                  | MR+ rCorr}
    20 | D        | Found the +18 shield of the Gong {rElec rN+ MR+ EV-5}
    20 | D        | Found the cursed +14 obsidian axe {chop, +Fly SInv *Curse}
    21 | D        | Banished a spatial maelstrom
    22 | D        | Found the +6 shillelagh "Devastator" {shatter}
    22 | D        | Found the +11 plutonium sword {*Contam Stlth-}
    22 | D        | Found the +8 lance "Wyrmbane" {slay drac, rPois rF+ rC+
                  | AC+3}
    22 | D        | Found the +9 sword of Zonguldrok {reap}
    22 | D        | Found the cursed +13 scythe of Curses {drain, *Curse}
    22 | D        | Found the +0 sword of Power
    22 | D        | Found the +7 mace of Variability {chain chaos}
    22 | D        | Found the +7 Singing Sword {slice, sonic wave}
    22 | D        | Found the +7 longbow "Piercer" {penet, EV-2}
    74 | D        | Became a worshipper of Qazlal Stormbringer
   118 | D        | Entered arena 2.
   118 | D        | Noticed Sigmund
   118 | D        | Noticed Jessica
   118 | D        | Found a transporter.
   124 | D        | Killed Sigmund
   124 | D        | Reached skill level 5 in Fighting
   124 | D        | Reached skill level 6 in Long Blades
   124 | D        | Reached XP level 2. HP: 27/27 MP: 3/7
   124 | D        | Reached XP level 3. HP: 33/33 MP: 3/9
   124 | D        | Reached XP level 4. HP: 39/39 MP: 3/10
   124 | D        | Reached XP level 5. HP: 44/44 MP: 3/11
   126 | D        | Killed Jessica
   126 | D        | Reached skill level 7 in Long Blades
   134 | D        | Got the +2 hand axe of the Madman {chop, MR- Str+6 Dex+3
                  | SInv}
   211 | D        | Entered arena 3.
   211 | D        | Found a transporter.
   214 | D        | Reached * piety under Qazlal
   222 | D        | Got Sif Muna's Almanac of Bewitching Heat
   227 | D        | Learned a level 3 spell: Spectral Weapon
   233 | D        | Learned a level 5 spell: Fireball
   236 | D        | Learned a level 2 spell: Ensorcelled Hibernation
   238 | D        | Got the +1 longbow "Jellyslayer" {freeze, Int+3}
   242 | D        | Entered arena 4.
   242 | D        | Found a transporter.
   254 | D        | Reached ** piety under Qazlal
   254 | D        | Reached skill level 8 in Long Blades
   266 | D        | Reached skill level 9 in Long Blades
   266 | D        | Reached XP level 6. HP: 49/51 MP: 12/12
   271 | D        | Reached skill level 10 in Long Blades
   278 | D        | Reached *** piety under Qazlal
   278 | D        | Reached skill level 11 in Long Blades
   289 | D        | Got the +10 plate armour of the Ecumenical Temple {Dex+2}
   292 | D        | Entered arena 5.
   292 | D        | Found a transporter.
   296 | D        | Reached skill level 12 in Long Blades
   306 | D        | Reached skill level 13 in Long Blades
   306 | D        | Reached XP level 7. HP: 56/56 MP: 13/13
   364 | D        | Entered arena 6.
   364 | D        | Noticed a naga
   364 | D        | Noticed a naga
   364 | D        | Found a transporter.
   368 | D        | Reached **** piety under Qazlal
   368 | D        | Reached skill level 14 in Long Blades
   378 | D        | Killed a naga
   381 | D        | Killed a naga
   381 | D        | Reached skill level 15 in Long Blades
   479 | D        | Entered arena 7.
   479 | D        | Noticed a sixfirhy
   479 | D        | Found a transporter.
   481 | D        | Killed a sixfirhy
   481 | D        | Reached ***** piety under Qazlal
   481 | D        | Reached skill level 17 in Long Blades
   481 | D        | Reached skill level 5 in Hexes
   481 | D        | Reached XP level 8. HP: 62/62 MP: 14/14
   510 | D        | Learned a level 5 spell: Lee's Rapid Deconstruction
   618 | D        | Entered arena 8.
   618 | D        | Noticed an efreet
   618 | D        | Noticed an efreet
   618 | D        | Noticed an efreet
   618 | D        | Found a transporter.
   624 | D        | Reached skill level 1 in Invocations
   628 | D        | Killed an efreet
   628 | D        | Reached skill level 18 in Long Blades
   628 | D        | Reached XP level 9. HP: 48/68 MP: 15/15
   631 | D        | Killed an efreet
   631 | D        | Reached ****** piety under Qazlal
   635 | D        | Killed an efreet
   635 | D        | Reached skill level 19 in Long Blades
   793 | D        | Entered arena 9.
   793 | D        | Found a transporter.
   852 | D        | Entered arena 10.
   852 | D        | Noticed a merfolk
   852 | D        | Noticed a merfolk
   852 | D        | Noticed a merfolk
   852 | D        | Noticed a merfolk
   852 | D        | Noticed a merfolk
   852 | D        | Noticed a merfolk
   852 | D        | Noticed a merfolk
   852 | D        | Noticed a merfolk
   852 | D        | Found a transporter.
   857 | D        | Killed a merfolk
   857 | D        | Reached skill level 5 in Conjurations
   857 | D        | Reached XP level 10. HP: 74/74 MP: 5/16
   860 | D        | Reached skill level 5 in Fire Magic
   929 | D        | Reached XP level 11. HP: 38/82 MP: 12/17
  1158 | D        | Entered arena 11.
  1158 | D        | Noticed a cyclops
  1158 | D        | Noticed a yaktaur captain
  1158 | D        | Noticed a cyclops
  1158 | D        | Noticed a centaur warrior
  1158 | D        | Found a transporter.
  1172 | D        | Killed a yaktaur captain
  1172 | D        | Reached skill level 5 in Armour
  1180 | D        | Killed a centaur warrior
  1180 | D        | Reached skill level 10 in Fighting
  1185 | D        | Killed a cyclops
  1185 | D        | Reached skill level 5 in Invocations
  1188 | D        | Killed a cyclops
  1207 | D        | Got the Catalogue of Unstable Benedictions
  1227 | D        | Got the ring of Jimoifug {Fire Dex+4}
  1410 | D        | Entered arena 12.
  1410 | D        | Noticed a vault guard
  1410 | D        | Noticed a vault guard
  1410 | D        | Noticed a vault guard
  1410 | D        | Noticed a vault guard
  1410 | D        | Noticed a vault guard
  1410 | D        | Noticed a vault guard
  1410 | D        | Noticed a stone giant
  1410 | D        | Noticed a vault guard
  1411 | D        | Found the +4 dagger "Morg" {pain, MR+ Int+5}
  1415 | D        | Found a transporter.
  1420 | D        | Killed a stone giant
  1420 | D        | Reached XP level 12. HP: 73/103 MP: 5/18
  1432 | D        | Killed a vault guard
  1440 | D        | Killed a vault guard
  1447 | D        | HP: 2/103 [vault guard/+0 war axe (17)]
  1450 | D        | Slain by a vault guard

Vault maps used:
D:        sprint_v

Skill      XL: |  1  2  3  4  5  6  7  8  9 10 11 12 |
---------------+-------------------------------------+-----
Fighting       | 5 6 12 | 12.4
Long Blades    | 6 9 13 17 18 19 | 19.6
Armour         | 3 6 |  6.9
Dodging        | 3 |  3.9
Spellcasting   | 4 |  4.5
Charms         | 7 |  7.6
Hexes          | 5 6 |  6.0
Invocations    | 2 4 5 |  5.3
Conjurations   | 5 8 |  8.6
Fire Magic     | 4 8 |  8.3
Ice Magic      | 6 |  6.1
Earth Magic    | 6 9 |  9.3

Action                   |  1- 3 |  4- 6 |  7- 9 | 10-12 || total
-------------------------+-------+-------+-------+-------++-------
Melee: Demon blade       |     4 |    51 |    11 |       ||    66
       Double sword      |       |       |    52 |    44 ||    96
       Triple sword      |       |       |       |     5 ||     5
Throw: Throwing net      |       |       |       |     3 ||     3
 Cast: Spectral Weapon   |       |       |       |     1 ||     1
Invok: Upheaval          |       |       |     3 |     3 ||     6
       Elemental Force   |       |       |     1 |     4 ||     5
       Disaster Area     |       |       |       |     1 ||     1
 Abil: Hop               |       |       |       |     2 ||     2
Evoke: Lightning rod     |       |       |       |     3 ||     3
  Use: Potion            |     1 |       |     1 |    14 ||    16
       Scroll            |       |       |     1 |     5 ||     6
  Eat: Chunk             |       |       |       |     1 ||     1
Armor: Plate armour      |       |    81 |    14 |    41 ||   136
       Fire dragon scale |       |       |       |     9 ||     9
Dodge: Dodged            |     5 |     2 |     2 |    15 ||    24
       Deflected         |       |       |       |     2 ||     2
Block: Shield            |       |   109 |    52 |   129 ||   290
       Other             |       |       |       |    17 ||    17
       Rpst.: Demon blade |     2 |       |       |       ||     2

Table legend:
 A = Non-vault XP
 B = Vault XP
 C = Vault XP percentage of total XP
 D = Non-vault monster count
 E = Vault monster count
 F = Vault count percentage of total count
                 A         B        C        D         E       F
            +---------+---------+-------+---------+---------+-------
      Total |       0 |   13982 | 100.0 |       0 |      56 | 100.0
            +---------+---------+-------+---------+---------+-------
          D |       0 |   13982 | 100.0 |       0 |      56 | 100.0
            +---------+---------+-------+---------+---------+-------
